 Dungeon Crawl Stone Soup version 0.31.0-9-g3a7656b989 (webtiles) character file.

Game seed: 17372670201485834455

98 MrIGI the Trooper (level 4, -1/45 HPs)
             Began as a Troll Fighter on Jan 30, 2024.
             Slain by a kobold brigand
             ... wielding a +0 club
              (3 damage)
             ... in a sewer.
             The game lasted 00:05:13 (1429 turns).

MrIGI the Trooper (Troll Fighter)                   Turns: 1429, Time: 00:05:13

Health: -1/45      AC:  4    Str: 26    XL:     4   Next: 44%
Magic:  3/3        EV:  9    Int:  4    God:
Gold:   60         SH:  7    Dex:  9    Spells: 3/3 levels left

rFire   + .          .
                       - Unarmed
rCold   x . .        b - +0 kite shield
rNeg    . . .        a - +0 robe
rPois   .            (helmet restricted)
rElec   .            (no cloak)
rCorr   .            (gloves unavailable)
SInv    .            (boots unavailable)
Will    .....        (no amulet)
Stlth   +            l - ring of fire
HPRegen 1.07/turn    (no ring)
MPRegen 0.08/turn

%: no passive effects
@: no status effects
A: large, unfitting armour, claws 3, regeneration 1, shaggy fur 1, tough skin 1
a: no special abilities


You were in a sewer.
You visited 1 branch of the dungeon, and saw 3 of its levels.
You also visited: Sewer.

You collected 60 gold pieces.

Inventory:

Hand Weapons
 n - a +0 short sword
 p - a +1 long sword of draining
Missiles
 f - 4 atropa-tipped darts (quivered)
 k - 5 poisoned darts
Armour
 a - a +0 robe (worn)
 b - a +0 kite shield (worn)
Jewellery
 l - a ring of fire (left claw)
Wands
 m - a wand of flame (26)
Scrolls
 e - 4 scrolls of identify {unknown}
 g - a scroll of vulnerability {unknown}
 i - a scroll of acquirement {unknown}
 j - a scroll of teleportation {unknown}
Potions
 c - 2 potions of might
 d - 2 potions of curing {unknown}
 h - a potion of heal wounds {unknown}
 o - a potion of lignification {unknown}


   Skills:
 + Level 3.2 Fighting
 - Level 3.0 Dodging
 + Level 3.0 Shields
 * Level 3.0 Unarmed Combat


You had 3 spell levels left.
You didn't know any spells.
Your spell library contained the following spells:

 Spells                   Type           Power      Damage    Failure   Level
 Sublimation of Blood     Necr           0%         N/A       87%         2
 Petrify                  Alch/Erth      0%         N/A       100%        4
 Irradiate                Conj/Alch      0%         3d11      100%        5


Dungeon Overview and Level Annotations

Branches:
Dungeon (3/15)              Sewer (1/1)

Altars:

Shops:
D:1 =

Annotations:
D:3 1 runed translucent door, Tinttamiau's ghost, weakling TrDe


Innate Abilities, Weirdness & Mutations

You are too large for most types of armour.
You have claws for hands.
Your natural rate of healing is unusually fast.
You are covered in fur. (AC +1)
You have tough skin. (AC +1)


Message History

The kobold brigand hits you with a +0 club.
The kobold hits you with a +0 short sword.
You barely miss the kobold brigand.
The kobold brigand hits you but does no damage.
The kobold brigand closely misses you. You block the kobold's attack.
You claw the kobold brigand!
The kobold brigand is moderately wounded.
You block the kobold brigand's attack. The kobold barely misses you.
You closely miss the kobold brigand. You block the kobold's attack.
The kobold brigand barely misses you.
The kobold brigand hits you with a +0 short sword.
There are monsters nearby!
You miss the kobold brigand.
The kobold brigand is moderately wounded.
You block the kobold's attack. The kobold hits you but does no damage.
You block the kobold brigand's attack.
The kobold brigand hits you with a +0 short sword.
You barely miss the kobold brigand.
The kobold brigand is moderately wounded.
You block the kobold's attack.
The kobold brigand hits you but does no damage.
You block the kobold's attack.
The kobold brigand hits you with a +0 club.
You closely miss the kobold brigand.
The kobold brigand is moderately wounded.
You block the kobold's attack.
The kobold hits you with a +0 short sword.
The kobold brigand hits you with a +0 short sword!
The kobold brigand barely misses you. You block the kobold's attack.
The kobold brigand hits you with a +0 club!
* * * LOW HITPOINT WARNING * * *
The kobold brigand hits you with a +0 short sword.
* * * LOW HITPOINT WARNING * * *
You block the kobold's attack.
You enter the shallow water.
The kobold throws a stone.
The stone hits you but does no damage. The kobold attacks as it pursues you!
The kobold hits you with a +0 short sword.
* * * LOW HITPOINT WARNING * * *
The kobold brigand hits you with a +0 club.
You die...

##### ### .....##.#
..P.....########
..........#....#####
..........K.!?[#.∩P#
....~~~~KK').∩.#.∩.#
..P.~P~†@K#....#...#
######~~########'###
~~~~~~~~~~~~~~~~~~≈#
≈≈≈≈~≈≈≈≈≈~≈≈≈≈≈~≈≈#
~~~~~~~~~~~~~~~~~~≈#
~~~#################
~~~ .~


You could see 2 kobold brigands and 2 kobolds.

Vanquished Creatures
  Natasha (D:2)
  2 adders (D:3)
  A river rat (D:3)
  A ribbon worm (D:2)
  A dart slug (D:1)
  An orc (D:3)
  6 bats
  5 endoplasms
  A giant cockroach (D:1)
  3 goblins
  3 hobgoblins
  3 kobolds
  2 quokkas (D:3)
  7 ball pythons
  A frilled lizard (D:1)
38 creatures vanquished.

Notes
Turn   | Place    | Note
-------+----------+-------------------------------------------
     0 | D:1      | MrIGI the Troll Fighter began the quest for the Orb.
     0 | D:1      | Reached XP level 1. HP: 22/22 MP: 0/0
    55 | D:1      | Found Nyoxeato's Jewellery Boutique.
   149 | D:1      | Reached XP level 2. HP: 26/29 MP: 1/1
   317 | D:1      | Found a faded altar of an unknown god.
   796 | D:2      | Reached XP level 3. HP: 37/37 MP: 2/2
   913 | D:2      | Noticed Natasha
   918 | D:2      | Killed Natasha
  1229 | D:3      | Reached XP level 4. HP: 45/45 MP: 3/3
  1273 | D:3      | Noticed Tinttamiau's ghost (weakling TrDe)
  1280 | D:3      | Found a runed translucent door.
  1393 | D:3      | Found a glowing drain.
  1398 | Sewer    | Entered a sewer
  1417 | Sewer    | Noticed a kobold brigand
  1417 | Sewer    | Noticed a kobold brigand
  1429 | Sewer    | HP: 2/45 [kobold/+0 short sword (4)]
  1429 | Sewer    | Slain by a kobold brigand

Illustrated notes

Levels and vault maps discovered:
D:1:      scummos_arrival_simple_crosswalls, layout_loops_ring,
          ebering_ecumenical_altar_hall, serial_shops,
          nicolae_shop_gaudy_bauble, dreamdust_princess_bridge,
          minmay_misc_feat_encased
D:2:      layout_loops_ring, serial_bayou_pond_e, uniq_natasha
D:3:      layout_basic, gup_sewer_entry_bowl, hellmonk_ghost_happy_afterlife,
          minmay_fractal_squares_5
Sewer:    kennysheep_pipe_town

Skill      XL: |  1  2  3  4 |
---------------+-------------+-----
Fighting       | 3 |  3.2
Shields        | 3 |  3.0
Dodging        | 3 |  3.0
Unarmed Combat | 3 |  3.0

Action                     |  1- 3 |  4- 6 || total
---------------------------+-------+-------++-------
  Melee: Unarmed           |    69 |    31 ||   100
 Armour: Robe              |    46 |    26 ||    72
  Dodge: Dodged            |    24 |    12 ||    36
  Block: Kite shield       |    27 |    20 ||    47
